 Dungeon Crawl Stone Soup version 0.29.1-15-g9cfb28693d (webtiles) character file.

Game seed: 3922095419078615463

50 growler the Insei (level 3, -1/26 HPs)
             Began as a Merfolk Transmuter on Mar 14, 2023.
             Slain by an orc
             ... wielding a +0 flail
              (9 damage)
             ... on level 2 of the Dungeon.
             The game lasted 00:03:23 (1982 turns).

growler the Insei (Merfolk Transmuter)              Turns: 1982, Time: 00:03:23

Health: -1/26      AC:  3    Str: 10    XL:     3   Next: 79%
Magic:  7/7        EV: 12    Int: 14    God:
Gold:   61         SH:  0    Dex: 14    Spells: 1/7 levels left

rFire   . . .      SeeInvis .     - Unarmed
rCold   . . .      Faith    .   (no shield)
rNeg    . . .      Spirit   .   a - +0 robe
rPois   .          Reflect  .   (no helmet)
rElec   .          Harm     .   (no cloak)
rCorr   .          Rampage  .   (no gloves)
Will    .....                   l - +0 pair of boots
Stlth   +.........              (no amulet)
HPRegen 0.08/turn               (no ring)
MPRegen 0.10/turn               (no ring)

@: no status effects
A: (nimble swimmer 2), mertail
a: no special abilities


You were on level 2 of the Dungeon.
You visited 1 branch of the dungeon, and saw 2 of its levels.

You collected 61 gold pieces.

Inventory:

Armour
 a - a +0 robe (worn)
 l - a +0 pair of boots (worn)
Jewellery
 g - a ring of fire
 i - a ring of positive energy
 k - a ring of willpower
Scrolls
 e - a scroll of fear {unknown}
 f - a scroll of enchant weapon {unknown}
 j - 2 scrolls of identify {unknown}
 m - 2 scrolls of teleportation {unknown}
Potions
 b - 3 potions of lignification
 c - a potion of berserk rage {unknown}
 d - a potion of flight {unknown}
 h - a potion of invisibility {unknown}


   Skills:
 - Level 1.1 Fighting
 - Level 2.6 Dodging
 + Level 4.0 Unarmed Combat
 + Level 2.7 Spellcasting
 + Level 3.7 Transmutations


You had one spell level left.
You knew the following spells:

 Your Spells              Type           Power      Damage    Failure   Level
a - Beastly Appendage     Tmut           24%        N/A       4%          1
b - Wereblood             Tmut           12%        N/A       7%          2
c - Spider Form           Tmut/Pois      7%         N/A       30%         3

Your spell library contained the following spells:

 Spells                   Type           Power      Damage    Failure   Level
 Scorch                   Fire           2%         2d5       32%         2
 Ice Form                 Ice/Tmut       7%         N/A       71%         4
 Flame Wave               Conj/Fire      1%         2d4       91%         4
 Summon Cactus Giant      Summ           0%         N/A       100%        6


Dungeon Overview and Level Annotations

Branches:
Dungeon (2/15)

Altars:


Innate Abilities, Weirdness & Mutations

((You are very nimble when in or above water. (Stealth+, EV+, Speed+++)))
Your lower body shifts to a powerful aquatic tail in water.


Message History

You kill the ball python!
No target in view!
An endoplasm comes into view.
You hit the endoplasm.
The endoplasm is moderately wounded.
The endoplasm freezes you.
You are frozen.
You hit the endoplasm.
The endoplasm is heavily wounded.
You hit the endoplasm.
You kill the endoplasm!
Your Unarmed Combat skill increases to level 4!
No target in view!
No target in view!
You see here a ball python corpse.
An orc comes into view. It is wielding a +0 flail.
An orc is nearby!
The orc shouts!
The orc closely misses you.
You hit the orc.
The orc is moderately wounded.
The orc barely misses you.
You barely miss the orc.
The orc is moderately wounded.
The orc hits you with a +0 flail!
You closely miss the orc.
The orc is moderately wounded.
The orc hits you with a +0 flail.
You are too injured to fight recklessly!
You are too injured to fight recklessly!
You hit the orc but do no damage.
The orc is moderately wounded.
The orc barely misses you.
You hit the orc but do no damage.
The orc is moderately wounded.
The orc hits you with a +0 flail.
You hit the orc but do no damage.
The orc is moderately wounded.
The orc hits you with a +0 flail!
You die...

♣ ♣♣♣.....♣♣♣
♣ ♣♣♣♣....♣
♣♣ ♣♣♣..♣♣
.♣♣ ♣♣..♣ †.♣
♣♣♣♣..♣♣ .♣♣
♣....♣♣ ♣.♣♣
♣♣♣...♣ ♣♣
♣♣.♣
♣...♣♣♣...♣
♣..♣♣
♣♣..@o..♣
♣♣..♣♣♣
♣♣♣♣♣♣♣♣
♣♣...♣ ♣♣♣.♣
#####.#######
..[..........
.#...........
.#..........#
.#..........#


You could see an orc.

Vanquished Creatures
  An adder (D:2)
  A worm (D:2)
  A dart slug (D:1)
  7 ball pythons
  4 endoplasms
  4 giant cockroaches
  2 goblins
  2 hobgoblins (D:2)
  3 jackals (D:1)
  2 bats (D:2)
  3 frilled lizards
  A kobold (D:1)
  3 rats (D:1)
34 creatures vanquished.

Notes
Turn   | Place    | Note
-------+----------+-------------------------------------------
     0 | D:1      | growler the Merfolk Transmuter began the quest for the Orb.
     0 | D:1      | Reached XP level 1. HP: 15/15 MP: 3/3
   177 | D:1      | Reached XP level 2. HP: 20/21 MP: 3/5
   196 | D:1      | Learned a level 2 spell: Wereblood
  1332 | D:2      | Reached XP level 3. HP: 26/26 MP: 3/6
  1817 | D:2      | Learned a level 3 spell: Spider Form
  1903 | D:2      | Reached skill level 4 in Unarmed Combat
  1982 | D:2      | Slain by an orc

Illustrated notes

Levels and vault maps discovered:
D:1:      dpeg_arrival_round_b, layout_basic
D:2:      kb_forest_paths, layout_rooms, minmay_misc_feat_more_columns,
          corexii_leaking_fountain, minmay_split_cup_large

Skill      XL: |  1  2  3 |
---------------+----------+-----
Transmutations | 3 |  3.7
Unarmed Combat | 4 |  4.0
Fighting       | |  1.1
Dodging        | |  2.6
Spellcasting   | |  2.7

Action                   || total
-------------------------++-------
Melee: Unarmed           ||   109
       Headbutt          ||     9
       Punch             ||     2
 Cast: Beastly Appendage ||     8
       Wereblood         ||     1
 Stab: Sleeping          ||     1
Armor: Robe              ||    19
Dodge: Dodged            ||    70
